 Dungeon Crawl Stone Soup version 0.31-a0-844-gdc52ec4e09 (webtiles) character file.

Game seed: 1349842971855285874

525 BinkBink the Changeling (level 7, 67/67 HPs)
             Began as a Troll Shapeshifter on Sept 29, 2023.
             Quit the game on level 5 of the Dungeon.
             The game lasted 00:04:44 (3280 turns).

BinkBink the Changeling (Troll Shapeshifter)        Turns: 3280, Time: 00:04:45

Health: 67/67      AC:  5    Str: 25    XL:     7   Next: 2%
Magic:  6/6        EV: 10    Int:  6    God:
Gold:   246        SH:  0    Dex: 15    Spells: 6/6 levels left

rFire   . .          .
                       - Unarmed
rCold   . . .        (no shield)
rNeg    . . .        a - +1 animal skin
rPois   .            (helmet currently unavailable)
rElec   .            (cloak currently unavailable)
rCorr   .            (gloves unavailable)
SInv    .            (boots unavailable)
Will    .....        (no amulet)
Stlth   +            j - +6 ring of dexterity
HPRegen 1.11/turn    (no ring)
MPRegen 0.10/turn

%: no passive effects
@: beast-form
A: beast (slay +3), large, unfitting armour, claws 3, regeneration 1, shaggy fur
1, tough skin 1
a: Begin Untransformation


You were on level 5 of the Dungeon.
You were a hulking beast.
You visited 2 branches of the dungeon, and saw 6 of its levels.

You collected 246 gold pieces.

Inventory:

Armour
 a - a +1 animal skin (worn)
Jewellery
 j - a +6 ring of dexterity (left claw)
Talismans
 c - a beast talisman (active)
 d - a flux talisman
Wands
 o - a wand of quicksilver (14)
 r - a wand of mindburst (5)
Scrolls
 e - 2 scrolls of enchant armour
 f - 2 scrolls of teleportation
 i - 3 scrolls of vulnerability
 k - a scroll of summoning {unknown}
 l - a scroll of noise {unknown}
 m - a scroll of brand weapon {unknown}
 n - a scroll of amnesia {unknown}
 p - a scroll of revelation {unknown}
 s - a scroll of identify {unknown}
Potions
 b - 3 potions of lignification
 g - a potion of magic {unknown}
 h - 2 potions of enlightenment {unknown}
 q - a potion of mutation {unknown}
 t - a potion of brilliance {unknown}


   Skills:
 + Level 3.0 Fighting
 - Level 1.5 Dodging
 + Level 4.7 Unarmed Combat
 * Level 5.6 Shapeshifting


You had 6 spell levels left.
You didn't know any spells.
Your spell library contained the following spells:

 Spells                   Type           Power      Damage    Failure   Level
 Freeze                   Ice            0%         1d3       45%         1
 Slow                     Hex            0%         N/A       45%         1
 Confusing Touch          Hex            0%         N/A       83%         3
 Frozen Ramparts          Ice            0%         1d1       83%         3
 Hailstorm                Conj/Ice       0%         3d3       83%         3
 Ozocubu's Armour         Ice            0%         N/A       83%         3
 Sigil of Binding         Hex            0%         N/A       83%         3
 Stone Arrow              Conj/Erth      0%         3d7       83%         3
 Vampiric Draining        Necr           0%         2d6       83%         3
 Animate Armour           Summ/Erth      0%         N/A       99%         4
 Summon Ice Beast         Ice/Summ       0%         N/A       99%         4
 Summon Mana Viper        Hex/Summ       0%         N/A       100%        5
 Monstrous Menagerie      Summ           0%         N/A       100%        7
 Ozocubu's Refrigeration  Ice            0%         4d7       100%        7
 Lehudib's Crystal Spear  Conj/Erth      0%         10d2      100%        8


Dungeon Overview and Level Annotations

Branches:
Dungeon (5/15)             Temple (1/1) D:5

Altars:
Ashenzari
Cheibriados
Dithmenos
Elyvilon
Makhleb
Nemelex Xobeh
Ru
Uskayaw
Vehumet
Wu Jian
Xom
The Shining One

Annotations:
D:4 1 runed translucent door, Crazy Yiuf


Innate Abilities, Weirdness & Mutations

You are a hulking beast.
Your limbs bulge with bestial killing power. (Slay +3)
You are too large for most types of armour.
You have claws for hands.
Your natural rate of healing is unusually fast.
You are covered in fur. (AC +1)
You have tough skin. (AC +1)


Message History

You are unaffected.
You scratch the sleepcap.
The sleepcap is almost destroyed.
The sleepcap releases spores at you.
You are engulfed in a cloud of soporific spores!
You are unaffected.
You scratch the sleepcap.
You destroy the sleepcap!
You now have 246 gold pieces (gained 5).
You start resting.
HP restored.
You start waiting.
Done waiting.
You start waiting.
Done waiting.
You claw the plant!
The plant begins to die.
The plant is lightly damaged.
You claw the plant!
The plant is lightly damaged.
You claw the plant!
The plant is lightly damaged.
You mangle the plant!!
The plant is moderately damaged.
A nearby plant withers and dies.
You scratch the oklob sapling but do no damage.
You claw the oklob sapling!
The oklob sapling is heavily damaged.
You scratch the oklob sapling.
The oklob sapling is almost destroyed.
You scratch the oklob sapling.
You destroy the oklob sapling!
Your Fighting skill increases to level 3!
You have reached level 7!
There is a staircase to the Ecumenical Temple here.
You climb downwards.
Welcome to the Ecumenical Temple!
Found a staircase back to the Dungeon.
There is a staircase back to the Dungeon here.
You climb upwards.
Welcome back to the Dungeon!
There is a staircase to the Ecumenical Temple here.
Are you sure you want to abandon this character and quit the game? (Confirm with "yes".) ..........#### #......# ..######### #.###### ..# #.# ... #.# ..# ######### #.# #P..PP..# #.##### #.PPP.P.## #.....# #PP.PPPP.#

#####.# #.P.h.PP.# #.#
#.PP.PP..# #.#
#P.P.P.P.# #.#
#....P...# #.#
#...####.# #.# # #.###
##$# #.#
#.##.#####..#########.##
#......................#
#.######################


There were no monsters in sight!

Vanquished Creatures
  A sky beast (D:5)
  A black bear (D:5)
  Blork the orc (D:5)
  An oklob sapling (D:5)
  A jelly (D:5)
  2 sleepcaps
  An orc priest (D:3)
  2 adders
  A worm (D:2)
  2 dart slugs
  5 orcs
  5 bats
  9 endoplasms
  6 giant cockroaches
  8 goblins
  8 hobgoblins
  7 jackals
  3 kobolds
  2 quokkas
  5 ball pythons
  5 frilled lizards
  7 rats
83 creatures vanquished.

Notes
Turn   | Place    | Note
-------+----------+-------------------------------------------
     0 | D:1      | BinkBink the Troll Shapeshifter began the quest for the
                  | Orb.
     0 | D:1      | Reached XP level 1. HP: 18/18 MP: 0/0
   131 | D:1      | Reached skill level 1 in Fighting
   142 | D:1      | Reached XP level 2. HP: 27/27 MP: 1/1
   823 | D:1      | Reached XP level 3. HP: 32/33 MP: 2/2
  1617 | D:3      | Reached XP level 4. HP: 41/41 MP: 3/3
  1630 | D:3      | Found a broken altar of Ashenzari.
  1651 | D:3      | Reached skill level 4 in Shapeshifting
  1715 | D:3      | Reached XP level 5. HP: 49/49 MP: 4/4
  1758 | D:3      | Found a snail-covered altar of Cheibriados.
  2239 | D:4      | Found a glowing golden altar of the Shining One.
  2631 | D:4      | Found a burning altar of Makhleb.
  2686 | D:4      | Found a runed translucent door.
  2687 | D:4      | Noticed Crazy Yiuf
  2714 | D:5      | Entered Level 5 of the Dungeon
  2720 | D:5      | Noticed a sky beast
  2734 | D:5      | Killed a sky beast
  2809 | D:5      | Reached XP level 6. HP: 59/59 MP: 5/5
  2885 | D:5      | Noticed Blork the orc
  2892 | D:5      | Killed Blork the orc
  2893 | D:5      | Reached skill level 5 in Shapeshifting
  3035 | D:5      | Found a staircase to the Ecumenical Temple.
  3275 | D:5      | Reached XP level 7. HP: 67/67 MP: 6/6
  3277 | Temple   | Entered the Ecumenical Temple
  3280 | D:5      | Quit the game

Illustrated notes

Levels and vault maps discovered:
D:1:      dpeg_arrival_rooms_with_view, layout_basic
D:2:      layout_basic
D:3:      layout_basic, mainiacjoe_overflow_surrounded_room,
          mainiacjoe_overflow_six_doors_small
D:4:      layout_basic, kennysheep_little_box, mainiacjoe_overflow_alcove_1,
          uniq_crazy_yiuf_cottage
D:5:      layout_basic, mainiacjoe_overflow_concentric_impassable,
          kennysheep_mini_moat, minmay_temple_entry_oklob, serial_curves,
          eino_curves_02, eino_curves_04, uniq_blork_the_orc
Temple:   hellmonk_temple_beads

Skill      XL: |  1  2  3  4  5  6 |
---------------+-------------------+-----
Fighting       | 1 2 3 |  3.0
Shapeshifting  | 4 5 |  5.6
Unarmed Combat | 4 |  4.7
Dodging        | |  1.5

Action                     |  1- 3 |  4- 6 |  7- 9 || total
---------------------------+-------+-------+-------++-------
  Melee: Unarmed           |   105 |    91 |       ||   196
         Punch             |     1 |     5 |       ||     6
    Use: Scroll            |     2 |     1 |       ||     3
 Armour: Animal skin       |    59 |    49 |       ||   108
  Dodge: Dodged            |    38 |    36 |       ||    74

Table legend: (Time is in decaauts)
 A = Elapsed time spent in this place.
 B = Non-inter-level travel time spent in this place.
 C = Inter-level travel time spent in this place.
 D = Time resting spent in this place.
 E = Time spent auto-exploring this place.
 F = Levels seen in this place.
 G = Mean time per level.
                   A        B        C        D        E       F      G
               +--------+--------+--------+--------+--------+-----+--------+
         Total |   3266 |   3151 |    115 |    244 |   2413 |   6 |  544.3 |
       Dungeon |   3264 |   3149 |    115 |    244 |   2413 |   5 |  652.8 |
        Temple |      1 |      1 |      0 |      0 |      0 |   1 |    1.0 |
               +--------+--------+--------+--------+--------+-----+--------+

Top non-repeatable levels by time:
     D:1: 863 daAuts
     D:4: 727 daAuts
     D:2: 677 daAuts
     D:5: 560 daAuts
     D:3: 435 daAuts
  Temple: 1 daAuts
